 Dungeon Crawl Stone Soup version 0.30.1-11-g7821555f0a (webtiles) character file.

Game seed: 1234234268395045440

1 KittyFluff the Trooper (level 1, -1/14 HPs)
             Began as a Gargoyle Berserker on Nov 11, 2023.
             Was a Follower of Trog.
             Slain by a gnoll
             ... wielding a +0 spear
              (7 damage)
             ... on level 1 of the Dungeon.
             The game lasted 00:00:33 (94 turns).

KittyFluff the Trooper (Gargoyle Berserker)           Turns: 94, Time: 00:00:35

Health: -1/14      AC:  4    Str: 20    XL:     1   Next: 20%
Magic:  1/1        EV: 11    Int:  7    God:    Trog [*.....]
Gold:   0          SH:  0    Dex:  9    Spells: 0/0 levels left

rFire   . . .        a - +0 mace
rCold   . . .        (no shield)
rNeg    + . .        b - +0 animal skin
rPois   ∞            (no helmet)
rElec   +            (no cloak)
rCorr   .            (no gloves)
SInv    .            (no boots)
Will    .....        (no amulet)
Stlth   +            (no ring)
HPRegen 0.22/turn    (no ring)
MPRegen 0.07/turn

%: no passive effects
@: no status effects
A: sickness immunity, AC +2, negative energy resistance 1, electricity
resistance, torment resistance 1, petrification resistance
a: Renounce Religion, Berserk


You were on level 1 of the Dungeon.
You worshipped Trog.
Trog was aware of your devotion.
You visited 1 branch of the dungeon, and saw 1 of its levels.

Inventory:

Hand Weapons
 a - a +0 mace (weapon)
Missiles
 c - 4 poisoned darts (quivered)
Armour
 b - a +0 animal skin (worn)


   Skills:
 + Level 3.3 Fighting
 * Level 3.0 Maces & Flails
 * Level 2.2 Armour
 + Level 1.5 Dodging
 + Level 0.0 Stealth


You couldn't memorise any spells.
You didn't know any spells.
Your spell library was empty.

Dungeon Overview and Level Annotations

Branches:
Dungeon (1/15)

Altars:


Innate Abilities, Weirdness & Mutations

You are immune to sickness and miasma.
Your stone body is resilient. (AC +2)
You are immune to poison.
You resist negative energy. (rN+)
You are resistant to electric shocks. (rElec)
You are resistant to unholy torment.
You are immune to petrification.


Message History

The bat completely misses you. The bat barely misses you.
The bat hits you but does no damage. The bat hits you.
A quokka and a bat come into view.
The bat barely misses you.
Found 2 fizzy ruby potions.
The bat hits you but does no damage. The quokka closely misses you.
The bat attacks as you move away! The bat closely misses you.
A hobgoblin comes into view.
Found a falchion.
The hobgoblin shouts!
The bat hits you but does no damage. The bat misses you.
The quokka closely misses you. The bat hits you but does no damage.
The bat misses you.
A dart slug comes into view.
The quokka bites you but does no damage.
The bat hits you but does no damage. x2
The bat misses you. The bat hits you. The bat hits you but does no damage.
The bat misses you. The bat barely misses you.
The bat hits you but does no damage. The bat misses you.
The quokka closely misses you.
You barely miss the quokka. The quokka bites you.
You hit the quokka.
The quokka is moderately wounded.
The quokka bites you.
The quokka bites you but does no damage.
You miss the quokka.
The quokka is moderately wounded.
The quokka barely misses you.
You sock the quokka!
You kill the quokka!
Trog accepts your kill. The bat misses you.
You hit the giant cockroach but do no damage.
The giant cockroach is heavily wounded.
The giant cockroach completely misses you.
The giant cockroach barely misses you.
The gnoll hits you from afar with a +0 spear!
Ouch! That really hurt!
You die...

.#.#!#.#.......# ...
#..#...##### # #_.
...##gb....# #.#####.# #..
##.##.gwg...# ...##.# #.#
.......#.###.# #.##.# ###.#
#.###..###b###.#######....#
≈≈#.# #.# #..#
#bg..........>#### ≈≈#.#
#.# #..# #B###.#########
≈≈#.# #.# #..# #@# #[#
.≈#.# #.# #..# #.# #.#
....# #.###..###.# #.#
.≈#.###..........# #.#
≈≈#.........###### #.#
≈≈########### ### ≈≈# ###


You could see a gnoll, a dart slug, a giant cockroach, 3 hobgoblins and 3 bats.

Vanquished Creatures
  A quokka (D:1)
1 creature vanquished.

Notes
Turn   | Place    | Note
-------+----------+-------------------------------------------
     0 | D:1      | KittyFluff the Gargoyle Berserker began the quest for the
                  | Orb.
     0 | D:1      | Reached XP level 1. HP: 14/14 MP: 1/1
    60 | D:1      | Found a faded altar of an unknown god.
    94 | D:1      | Slain by a gnoll

Illustrated notes

Levels and vault maps discovered:
D:1:      dpeg_arrival_shrine, layout_basic, serial_shops, shop,
          basic_ecumenical_altar, minmay_box_of_dots

Action                     || total
---------------------------++-------
  Melee: Mace              ||     6
 Armour: Animal skin       ||    17
  Dodge: Dodged            ||    31
